 Dungeon Sprint DCSS version bcrawl-1.27.6 (webtiles) character file.

Game seed: 477824784806487932

1701273 Chiseanne the Spry (level 11, -2/62 HPs)
             Began as a Spriggan Archaeologist on Sept 24, 2020.
             Was an Initiate of Gozag.
             Splashed by an acid blob's acid (8 damage)
             ... in the Dungeon (Sprint I: "Red Sonja").
             The game lasted 00:17:55 (1751 turns).

Chiseanne the Spry (Spriggan Archaeologist)         Turns: 1751, Time: 00:17:55

Health: -2/62      AC: -4    Str:  6 (7)  XL:     11   Next: 77%
Magic:  0/12       EV: 28    Int: 21 (22) God:    Gozag
Gold:   203        SH: 12    Dex: 11 (13) Spells: 10/10 levels left

rFire    . . .     SeeInvis +   a - +2 dagger (elec)
rCold    . . .     Gourm    .   j - +2 buckler
rNeg     . . .     Faith    .   d - +1 robe
rPois    .         Spirit   +   c - +1 hat
rElec    +         Reflect  .   (no cloak)
rCorr    .         Harm     .   (gloves unavailable)
MR       +....     NoTele   +   (boots unavailable)
Stlth    ++++++++..             r - amulet of Huneanec {Spirit rElec Int+7 Dex-2}
HPRegen  0.20/turn              p - ring of stealth
MPRegen  0.13/turn              (no ring)

@: corroded, studying Hexes, very quick
A: very small, unfitting armour, see invisible, [clumsy 1], [deterioration 2],
[dopey 1], herbivore, speed 3, [screaming 2], slow metabolism 2
a: Potion Petition, Call Merchant, Bribe Branch, Renounce Religion


You were in the Dungeon.
You worshipped Gozag.
Gozag was aware of your devotion.
You were full.

You visited 1 branch You collected 2998 gold pieces.
You spent 1750 gold pieces at shops.
You paid 1045 gold pieces to Gozag.

Inventory:

Hand Weapons
 a - a +2 dagger of electrocution (weapon)
 o - a +0 hunting sling
 w - a +0 blowgun
Missiles
 b - 543 sling bullets
 n - 8 curare-tipped needles
 s - 108 stones (quivered)
 t - 124 bolts
 v - 132 poisoned tomahawks
Armour
 c - a +1 hat (worn)
 d - a +1 robe (worn)
 j - a +2 buckler (worn)
Jewellery
 p - a ring of stealth (left hand)
 r - the amulet of Huneanec (around neck) {Spirit rElec Int+7 Dex-2}
   (You acquired it in the Dungeon)

   [amulet of guardian spirit]

   It causes incoming damage to be split between your health and magic.
   It affects your intelligence (+7).
   It affects your dexterity (-2).
   It insulates you from electricity.
Wands
 l - a wand of polymorph (4)
Scrolls
 g - a scroll of magic mapping
 m - 3 scrolls of blinking
 x - 6 scrolls of identify
 y - 2 scrolls of remove curse
 z - a scroll of amnesia
Potions
 h - 2 potions of curing
 k - 2 potions of magic
Books
 f - a manual of Hexes
Miscellaneous
 u - a lightning rod (inert)
Comestibles
 e - 2 rations {!d}


   Skills:
 * Level 9.0 Fighting
 - Level 12.4 Short Blades
   Level 0.6 Maces & Flails
 * Level 19.4 Dodging
 - Level 16.8 Stealth
 * Level 14.2 Shields


You had 10 spell levels left.
You didn't know any spells.
Your spell library was empty.

Dungeon Overview and Level Annotations

Branches:
Dungeon (1/1)

Altars:
Cheibriados
Dithmenos
Elyvilon
Fedhas
Gozag
Hepliaklqana
Kikubaaqudgha
Lugonu
Makhleb
Nemelex Xobeh
Okawaru
Qazlal
Ru
Sif Muna
Trog
Uskayaw
Vehumet
Wu Jian
Xom
Yredelemnul
Zin
The Shining One
Jiyva

Shops:
D *%%=?*[((


Innate Abilities, Weirdness & Mutations

You are very small and have problems with some larger weapons.
You are too small for most types of armour.
You have supernaturally acute eyesight. (SInv)
You are a herbivore.
You cover ground extremely quickly.
You need to consume almost no food.
[You are clumsy. (Dex -2)]
[Your body often deteriorates upon taking damage.]
[You are dopey. (Int -2)]
[You sometimes yell uncontrollably at your foes.]


Message History

You hit the acid blob.
Your hands burn!
The acid blob is lightly wounded.
The acid blob closely misses you.
There is an open door, spattered with blood here.
There is an entrance to Huenwen's Weapon Shoppe here.
You close the door.
You hear a slurping noise.
The acid blob eats the door!
The acid blob spits acid at you. The splash of acid hits you!
The acid corrodes you!
You are splashed with acid!
* * * LOW HITPOINT WARNING * * *
There is an open door here.
There is an open door here.
The acid blob spits acid at you. The splash of acid hits you!
* * * LOW HITPOINT WARNING * * *
Your body deteriorates!
You feel dopey. The acid corrodes you!
You are splashed with acid!
You die...
Your body crumbles into a pile of gold.

#################################
['..#.['..#__#..@..[#§§#.J§JJ§§§§
.#.)'..#..'^.'..#...##'#§####§§§§
###'#####'#__####[..'.J#§#$*##.§§
##..#...#.####..#####..'§#+*$###§
_####..##[#§§§.§#..##+####,,$*,#.
____##'#_.+§§§§§'§.#..°,,*,,$**#.
.∩...'..._#≈≈§..#..#..°.,+,,$$$##
..__##_.#'##§#####'###^9.*,,,,,#.
____###'#.#..§.###.'.#...#**++*#.


You could see an acid blob.

Vanquished Creatures
  A hydra (D)
  2 centaur warriors (D)
  A deep troll (D)
  Sonja (D)
  5 unseen horrors (D)
  A lindwurm (D)
  8 shining eyes (D)
  An oklob plant (D)
  2 kobold demonologists (D)
  A hornet (D)
  A slime creature (D)
  Sigmund (D)
  2 redbacks (D)
  A yak (D)
  13 hogs (D)
  6 floating eyes (D)
  An ogre (D)
  A jelly (D)
  Ijyb (D)
  A ballistomycete spore (D)
51 creatures vanquished.

Vanquished Creatures (others)
  A deep elf master archer (D)
  A hornet (D)
  A ballistomycete spore (D)
3 creatures vanquished.

Grand Total: 54 creatures vanquished

Notes
Turn   | Place    | Note
-------+----------+-------------------------------------------
     0 | D        | Chiseanne the Spriggan Archaeologist began the quest for
                  | the Orb.
     0 | D        | Reached XP level 1. HP: 9/9 MP: 2/2
    12 | D        | Noticed Ijyb
    23 | D        | Killed Ijyb
    23 | D        | Reached skill level 6 in Dodging
    23 | D        | Reached XP level 2. HP: 8/15 MP: 3/3
   119 | D        | Noticed an ogre
   122 | D        | Killed an ogre
   122 | D        | Reached skill level 9 in Dodging
   122 | D        | Reached XP level 3. HP: 18/18 MP: 4/4
   122 | D        | Reached XP level 4. HP: 23/23 MP: 5/5
   132 | D        | Noticed Sigmund
   136 | D        | Killed Sigmund
   136 | D        | Reached skill level 11 in Dodging
   136 | D        | Reached XP level 5. HP: 26/26 MP: 6/6
   136 | D        | Reached XP level 6. HP: 30/30 MP: 7/7
   136 | D        | Identified a scroll of acquirement
   139 | D        | Identified the +1 robe of the Sea {rF- Int+3} (You acquired
                  | it in the Dungeon)
   151 | D        | Found a shimmering blue altar of Sif Muna.
   152 | D        | Found an ornate altar of the Wu Jian Council.
   153 | D        | Found a radiant altar of Vehumet.
   208 | D        | Found Vysinun's Jewellery Emporium.
   208 | D        | Found an ancient bone altar of Kikubaaqudgha.
   208 | D        | Found a hazy altar of Hepliaklqana.
   208 | D        | Found a hide-covered altar of Uskayaw.
   208 | D        | Found a basalt altar of Yredelemnul.
   208 | D        | Found an opulent altar of Gozag.
   208 | D        | Found a snail-covered altar of Cheibriados.
   208 | D        | Found a sacrificial altar of Ru.
   208 | D        | Found a shadowy altar of Dithmenos.
   208 | D        | Noticed a yak
   209 | D        | Found a stormy altar of Qazlal.
   209 | D        | Found a blossoming altar of Fedhas.
   209 | D        | Found a bloodstained altar of Trog.
   209 | D        | Found an iron altar of Okawaru.
   209 | D        | Found a glowing golden altar of the Shining One.
   209 | D        | Found a glowing silver altar of Zin.
   209 | D        | Found a white marble altar of Elyvilon.
   210 | D        | Killed a yak
   210 | D        | Reached skill level 12 in Dodging
   211 | D        | Found a sparkling altar of Nemelex Xobeh.
   217 | D        | Became a worshipper of Gozag Ym Sagoz the Greedy
   232 | D        | Noticed Sonja
   236 | D        | Killed Sonja
   236 | D        | Reached skill level 14 in Dodging
   236 | D        | Reached skill level 15 in Stealth
   236 | D        | Reached XP level 7. HP: 35/35 MP: 8/8
   236 | D        | Reached XP level 8. HP: 39/39 MP: 9/9
   239 | D        | Noticed a deep troll
   243 | D        | Killed a deep troll
   243 | D        | Reached skill level 15 in Dodging
   250 | D        | Found Owugelo's Armour Emporium.
   257 | D        | Bought a +0 buckler for 49 gold pieces
   408 | D        | Found Calui's General Store.
   416 | D        | Bought a scroll of acquirement for 676 gold pieces
   417 | D        | Identified the +7 rapier "Uxkuuzul" {drain, rF+ Int-5
                  | Dex+2} (You acquired it in the Dungeon)
   417 | D        | Identified the amulet of Huneanec {Spirit rElec Int+7
                  | Dex-2} (You acquired it in the Dungeon)
   490 | D        | Noticed a centaur warrior
   490 | D        | Noticed a centaur warrior
   528 | D        | Killed a centaur warrior
   528 | D        | Reached skill level 5 in Shields
   528 | D        | Reached XP level 9. HP: 42/42 MP: 10/10
   561 | D        | Killed a centaur warrior
   612 | D        | Noticed an oklob plant
   620 | D        | Killed an oklob plant
   647 | D        | Reached skill level 10 in Shields
   678 | D        | Bought an uncursed ring of stealth for 238 gold pieces
   691 | D        | Found a burning altar of Makhleb.
   691 | D        | Found a viscous altar of Jiyva.
   691 | D        | Found a shimmering altar of Xom.
   691 | D        | Found a corrupted altar of Lugonu.
   694 | D        | Reached XP level 10. HP: 46/46 MP: 11/11
   718 | D        | Bought a potion of haste for 130 gold pieces
   931 | D        | Noticed a gargoyle
   941 | D        | Noticed a lindwurm
   943 | D        | Killed a lindwurm
  1025 | D        | Reached skill level 16 in Dodging
  1090 | D        | Noticed a 12-headed hydra
  1092 | D        | Killed a 12-headed hydra
  1092 | D        | Reached skill level 5 in Fighting
  1110 | D        | Noticed a merfolk siren
  1110 | D        | Noticed a deep elf annihilator
  1121 | D        | Noticed a daeva
  1124 | D        | Noticed an unseen horror
  1124 | D        | Noticed an unseen horror
  1124 | D        | Noticed an unseen horror
  1125 | D        | Noticed an unseen horror
  1127 | D        | Killed an unseen horror
  1127 | D        | Reached skill level 17 in Dodging
  1127 | D        | Reached XP level 11. HP: 56/56 MP: 12/12
  1128 | D        | Noticed an unseen horror
  1129 | D        | Killed an unseen horror
  1130 | D        | Killed an unseen horror
  1132 | D        | Killed an unseen horror
  1134 | D        | Killed an unseen horror
  1134 | D        | Reached skill level 18 in Dodging
  1274 | D        | Noticed a fire giant
  1277 | D        | Noticed a fire giant
  1412 | D        | Noticed a shining eye
  1412 | D        | Noticed a shining eye
  1412 | D        | Noticed a shining eye
  1413 | D        | Noticed a shining eye
  1413 | D        | Noticed a shining eye
  1413 | D        | Noticed a shining eye
  1414 | D        | Noticed a shining eye
  1414 | D        | Noticed a shining eye
  1415 | D        | Killed a shining eye
  1419 | D        | Killed a shining eye
  1422 | D        | Killed a shining eye
  1440 | D        | Paralysed by a floating eye for 4 turns
  1453 | D        | Killed a shining eye
  1465 | D        | Killed a shining eye
  1473 | D        | Killed a shining eye
  1473 | D        | Reached skill level 19 in Dodging
  1485 | D        | Killed a shining eye
  1501 | D        | Killed a deep elf master archer
  1503 | D        | Killed a shining eye
  1546 | D        | Found Hymeuwum's Food Shoppe.
  1546 | D        | Found Eqiesa Yruig's General Store.
  1546 | D        | Found Copear's Food Emporium.
  1547 | D        | Found Eskudeboo's Magic Scroll Shop.
  1550 | D        | Bought a scroll of magic mapping for 35 gold pieces
  1551 | D        | Bought a scroll of enchant armour for 75 gold pieces
  1551 | D        | Bought 2 scrolls of identify for 40 gold pieces
  1551 | D        | Bought a scroll of blinking for 75 gold pieces
  1551 | D        | Bought a scroll of remove curse for 30 gold pieces
  1551 | D        | Bought a scroll of identify for 20 gold pieces
  1551 | D        | Bought a scroll of blinking for 75 gold pieces
  1551 | D        | Bought a scroll of identify for 20 gold pieces
  1551 | D        | Bought a scroll of identify for 20 gold pieces
  1551 | D        | Bought a scroll of identify for 20 gold pieces
  1551 | D        | Bought a scroll of blinking for 75 gold pieces
  1551 | D        | Bought a scroll of remove curse for 30 gold pieces
  1558 | D        | Bought a scroll of enchant armour for 97 gold pieces
  1558 | D        | Bought a scroll of amnesia for 45 gold pieces
  1734 | D        | Noticed an acid blob
  1734 | D        | a fire giant changed into an acid blob
  1751 | D        | Splashed by an acid blob's acid

Skill      XL: |  1  2  3  4  5  6  7  8  9 10 11 |
---------------+----------------------------------+-----
Fighting       | 2 5 9 |  9.0
Dodging        | 6 9 11 14 15 17 19 | 19.4
Stealth        | 7 9 12 15 16 | 16.8
Short Blades   | 4 7 11 12 | 12.4
Shields        | 5 10 13 14 | 14.2
Maces & Flails | |  0.6

Action                   |  1- 3 |  4- 6 |  7- 9 | 10-12 || total
-------------------------+-------+-------+-------+-------++-------
Melee: Whip              |     8 |       |       |       ||     8
       Dagger            |     1 |     7 |    19 |   179 ||   206
 Fire: Blowgun           |       |       |     4 |     5 ||     9
Invok: Call Merchant     |       |       |       |     2 ||     2
Evoke: Wand              |       |       |       |    10 ||    10
       Lightning rod     |       |       |       |     4 ||     4
  Use: Potion            |     1 |     1 |       |     6 ||     8
       Scroll            |       |     1 |     1 |     4 ||     6
 Stab: Sleeping          |     1 |     2 |     7 |    21 ||    31
       Distracted        |       |       |     1 |     1 ||     2
  Eat: Ration            |       |       |       |     2 ||     2
Armor: Robe              |       |       |       |     2 ||     2
Dodge: Dodged            |     4 |     3 |     7 |    92 ||   106
Block: Buckler           |       |       |     4 |    54 ||    58
